 Dungeon Sprint DCSS version 0.27-a0-789-g6bb3289e1e (webtiles) character file.

Game seed: 15991528820744190749

398 rocky1 the Nimble (level 6, -10/51 HPs)
             Began as a Djinni Gladiator on Mar 27, 2021.
             Was a High Priest of Makhleb.
             Mangled by a tyrant leech (24 damage)
             ... in the Dungeon (Sprint VII: "The Pits").
             The game lasted 00:03:34 (1059 turns).

rocky1 the Nimble (Djinni Gladiator)                Turns: 1059, Time: 00:03:35

Health: -10/51     AC: 10    Str: 13    XL:     6   Next: 83%
Gold:   0          EV: 14    Int: 12    God:    Makhleb [*****.] SH:  0 Dex: 14

rFire    + + .     SeeInvis .   l - +2 long sword (holy)
rCold    x . .     Faith    .   (no shield)
rNeg     . . .     Spirit   .   a - +3 ring mail
rPois    ∞         Reflect  .   c - +0 helmet
rElec    .         Harm     .   (no cloak)
rCorr    .         Rampage  .   (no gloves)
Will     .....     NoTele   +   (boots unavailable)
Stlth    +.........             (no amulet)
HPRegen  0.17/turn              (no ring)
MPRegen  0.00/turn              (no ring)

@: flying
A: fire resistance 2, cold vulnerability 1, float, innate caster, hp casting,
extra vitality 1
a: Renounce Religion, Minor Destruction, Lesser Servant of Makhleb, Major
Destruction, Greater Servant of Makhleb


You were in the Dungeon.
You worshipped Makhleb.
Makhleb was extremely pleased with you.
You visited 1 branch

Inventory:

Hand Weapons
 l - a +2 long sword of holy wrath (weapon)
Missiles
 d - 3 throwing nets (quivered)
Armour
 a - a +3 ring mail (worn)
 c - a +0 helmet (worn)
Scrolls
 i - a scroll of blinking
 k - a scroll of summoning
Potions
 e - 6 potions of curing
 f - 5 potions of heal wounds
 g - a potion of haste
 j - 2 potions of invisibility


   Skills:
 + Level 6.4 Fighting
 + Level 6.5 Long Blades
 - Level 1.9 Throwing
 + Level 3.9 Armour
 + Level 8.1 Dodging
 + Level 4.8 Spellcasting
 + Level 4.1 Invocations


You had 11 spell levels left.
You knew the following spells:

 Your Spells              Type           Power      Damage    Failure   Level
a - Freeze                Ice            56%        1d7       6%          1
b - Ensorcelled Hibernat  Hex/Ice        28%        N/A       9%          2
Your spell library was empty.

Dungeon Overview and Level Annotations

Branches:
Dungeon (1/1)

Altars:
Ashenzari
Cheibriados
Dithmenos
Elyvilon
Fedhas
Gozag
Hepliaklqana
Kikubaaqudgha
Makhleb
Nemelex Xobeh
Okawaru
Qazlal
Ru
Sif Muna
Trog
Uskayaw
Vehumet
Wu Jian
Xom
Yredelemnul
Zin
The Shining One
Beogh
Jiyva
Lugonu


Innate Abilities, Weirdness & Mutations

You are immune to poison.
Your flesh is very heat resistant. (rF++)
You are vulnerable to cold. (rC-)
You float through the air rather than walking.
You learn spells naturally, not from books.
Your magical power is your life essence.
You have superior vitality. (+4 HP)


Message History

You hit the ogre but do no damage.
The ogre is almost dead.
The ogre barely misses you.
You riposte.
You hit the ogre.
The ogre is almost dead.
You hit the ogre.
The ogre is almost dead.
The ogre barely misses you.
You hit the ogre.
You kill the ogre!
Makhleb accepts your kill.
You can now summon a greater servant of Makhleb.
You feel better.
Your Dodging skill increases to level 8!
Your Invocations skill increases to level 4!
You start waiting.
Done waiting.
There is an open door, spattered with blood here.
Things that are here:
a +0 giant club; an ogre corpse You reach down and open the door.
A tyrant leech comes into view.
You hit the tyrant leech but do no damage.
The tyrant leech bites you.
You completely miss the tyrant leech. The tyrant leech barely misses you.
You slash the tyrant leech!
The tyrant leech is lightly wounded.
The tyrant leech bites you.
You barely miss the tyrant leech.
The tyrant leech is lightly wounded.
You hit the tyrant leech.
The tyrant leech is lightly wounded.
The tyrant leech bites you!
You hit the tyrant leech but do no damage.
The tyrant leech is lightly wounded.
The tyrant leech bites you!!
* * * LOW HITPOINT WARNING * * *
You miss the tyrant leech.
The tyrant leech is lightly wounded.
The tyrant leech bites you!!
You die...

#.#..#.)))[##.......#
#'###########.......#
#.†.....# #########
#.###...# #.#.....#
#.#...#.#+#
#.....#.#.+
#...###.#w#
#.......)@#
###########


You could see a tyrant leech.

Vanquished Creatures
  Edmund (D)
  A water moccasin (D)
  An ogre (D)
  A kobold brigand (D)
  A gnoll (D)
  An ufetubus (D)
  2 giant cockroaches (D)
  A hobgoblin (D)
  7 jackals (D)
  A kobold (D)
  2 quokkas (D)
  A ball python (D)
  A frilled lizard (D)
21 creatures vanquished.

Notes
Turn   | Place    | Note
-------+----------+-------------------------------------------
     0 | D        | rocky1 the Djinni Gladiator began the quest for the Orb.
     0 | D        | Reached XP level 1. HP: 18/18 MP: 0/0
    16 | D        | Reached skill level 4 in Dodging
    16 | D        | Reached XP level 2. HP: 24/24 MP: 0/0
    20 | D        | Found a bloodstained altar of Trog.
    20 | D        | Found a viscous altar of Jiyva.
    20 | D        | Found a hazy altar of Hepliaklqana.
    20 | D        | Found an opulent altar of Gozag.
    21 | D        | Found a glowing golden altar of the Shining One.
    21 | D        | Found a glowing silver altar of Zin.
    21 | D        | Found a basalt altar of Yredelemnul.
    21 | D        | Found a shimmering altar of Xom.
    21 | D        | Found an ornate altar of the Wu Jian Council.
    21 | D        | Found a sacrificial altar of Ru.
    21 | D        | Found a stormy altar of Qazlal.
    21 | D        | Found an iron altar of Okawaru.
    21 | D        | Found a sparkling altar of Nemelex Xobeh.
    21 | D        | Found a burning altar of Makhleb.
    21 | D        | Found a blossoming altar of Fedhas.
    21 | D        | Found a white marble altar of Elyvilon.
    21 | D        | Found a shadowy altar of Dithmenos.
    21 | D        | Found a snail-covered altar of Cheibriados.
    24 | D        | Found a corrupted altar of Lugonu.
    25 | D        | Found a hide-covered altar of Uskayaw.
    25 | D        | Found a broken altar of Ashenzari.
    32 | D        | Became a worshipper of Makhleb the Destroyer
    92 | D        | Reached * piety under Makhleb
   112 | D        | Reached ** piety under Makhleb
   116 | D        | Reached skill level 1 in Spellcasting
   125 | D        | Noticed a water moccasin
   135 | D        | Killed a water moccasin
   135 | D        | Reached *** piety under Makhleb
   136 | D        | Reached skill level 5 in Long Blades
   136 | D        | Reached skill level 6 in Dodging
   136 | D        | Reached XP level 3. HP: 13/32 MP: 0/0
   136 | D        | Learned a level 1 spell: Freeze
   136 | D        | Reached XP level 4. HP: 16/38 MP: 0/0
   136 | D        | Reached XP level 5. HP: 17/42 MP: 0/0
   136 | D        | Learned a level 2 spell: Ensorcelled Hibernation
   511 | D        | Noticed Edmund
   511 | D        | Noticed a kobold brigand
   544 | D        | Killed Edmund
   545 | D        | Reached skill level 5 in Fighting
   545 | D        | Reached skill level 7 in Dodging
   545 | D        | Reached XP level 6. HP: 12/50 MP: 0/0
   676 | D        | Reached **** piety under Makhleb
   949 | D        | Reached ***** piety under Makhleb
   950 | D        | Reached skill level 8 in Dodging
  1052 | D        | Noticed a tyrant leech
  1059 | D        | Mangled by a tyrant leech

Illustrated notes

Levels and vault maps discovered:
D:        pitsprint [storerooms_1, entrance_room_1, metal_vault_4, armoury_3,
          mini_pit_1, grid_room_1, main_hall_1, silver_pit, the_coven_2,
          the_vestibule_1, steel_vault_3, golden_pit, hallway_of_sentries,
          crystal_vault_1, iron_vault_1, final_vault]

Skill      XL: |  1  2  3  4  5  6 |
---------------+-------------------+-----
Long Blades    | 3 5 6 |  6.5
Dodging        | 4 6 7 8 |  8.1
Spellcasting   | 3 4 |  4.8
Fighting       | 4 5 6 |  6.4
Armour         | 2 3 |  3.9
Invocations    | 2 4 |  4.1
Throwing       | |  1.9

Action                   |  1- 3 |  4- 6 || total
-------------------------+-------+-------++-------
Melee: Long sword        |    36 |    63 ||    99
 Cast: Ensorcelled Hiber |       |     1 ||     1
  Use: Potion            |     3 |     1 ||     4
 Stab: Sleeping          |       |     1 ||     1
Armor: Leather armour    |    15 |       ||    15
       Ring mail         |       |    16 ||    16
Dodge: Dodged            |    36 |    37 ||    73
       Rpst.: Long sword |     9 |    13 ||    22

Table legend: (Time is in decaauts)
 A = Elapsed time spent in this place.
 B = Non-inter-level travel time spent in this place.
 C = Inter-level travel time spent in this place.
 D = Time resting spent in this place.
 E = Time spent auto-exploring this place.
 F = Levels seen in this place.
 G = Mean time per level.
                   A        B        C        D        E       F      G
               +--------+--------+--------+--------+--------+-----+--------+
         Total |   1103 |   1103 |      0 |    758 |      0 |   1 | 1103.0 |
       Dungeon |   1103 |   1103 |      0 |    758 |      0 |   1 | 1103.0 |
               +--------+--------+--------+--------+--------+-----+--------+

Top non-repeatable levels by time:
       D: 1103 daAuts
